 Dungeon Crawl Stone Soup version 0.27-a0-96-gb51a1d6fd6 (webtiles) character file.

Game seed: 5513900796627891945

5576 lunkers the Spear-Bearer (level 10, -7/80 (85) HPs)
             Began as a Merfolk Gladiator on Jan 19, 2021.
             Was a Follower of Ashenzari.
             Mangled by a rust devil (8 damage)
             ... summoned by a deep elf mage
             ... on level 8 of the Dungeon.
             The game lasted 00:19:43 (9507 turns).

lunkers the Spear-Bearer (Merfolk Gladiator)        Turns: 9507, Time: 00:19:44

HP:   -7/80 (85)    AC: -1    Str: 18    XL:     10   Next: 72%
MP:   10/10         EV: 24    Int:  8    God:    Ashenzari [*.....]
Gold: 850           SH:  0    Dex: 15    Spells: 9/9 levels left

rFire    . . .     SeeInvis .   a - +0 trident
rCold    . . .     Faith    .   (no shield)
rNeg     . . .     Spirit   .   w - +0 scale mail
rPois    .         Reflect  .   v - +2 helmet (curse)
rElec    .         Harm     .   D - +0 cloak
rCorr    .         Rampage  .   q - +0 pair of gloves
Will     .....                  (no boots)
Stlth    ..........             (no amulet)
HPRegen  0.23/turn              F - +4 ring of evasion (curse)
MPRegen  0.12/turn              k - +4 ring of evasion (curse)

@: about to teleport, corroded, drained
A: change form in water, swift swim, stealthy swim
a: Renounce Religion, Curse Item, Scrying


You were on level 8 of the Dungeon.
You worshipped Ashenzari.
Ashenzari was aware of your devotion.
You visited 1 branch of the dungeon, and saw 8 of its levels.
You also visited: Bailey.

You collected 850 gold pieces.

Inventory:

Hand Weapons
 a - a +0 trident (weapon)
 c - a +6 eveningstar of holy wrath
 f - a +2 rapier of freezing
Missiles
 b - 65 boomerangs
 d - 4 throwing nets {=f}
Armour
 q - a +0 pair of gloves (worn)
 v - a cursed +2 helmet (worn)
 w - a +0 scale mail (worn)
 D - a +0 cloak (worn)
Jewellery
 e - a +6 ring of dexterity
 k - a cursed +4 ring of evasion (right hand)
 u - an uncursed ring of fire
 F - a cursed +4 ring of evasion (left hand)
Wands
 x - a wand of digging (5)
Scrolls
 g - 3 scrolls of teleportation
 i - 3 scrolls of fear {unknown}
 j - 4 scrolls of random uselessness {unknown}
 m - 2 scrolls of immolation {unknown}
 n - 2 scrolls of enchant weapon {unknown}
 o - 2 scrolls of magic mapping {unknown}
 r - 4 scrolls of enchant armour {unknown}
 t - a scroll of amnesia {unknown}
 y - a scroll of blinking {unknown}
 z - 3 scrolls of fog {unknown}
 A - 2 scrolls of acquirement {unknown}
 I - a scroll of remove curse
Potions
 h - 6 potions of curing
 l - 4 potions of haste
 p - 2 potions of ambrosia
 s - 6 potions of heal wounds
 B - a potion of attraction {unknown}
 C - a potion of cancellation {unknown}
 E - a potion of brilliance {unknown}
 G - a potion of invisibility {unknown}
 H - a potion of flight {unknown}


   Skills:
 + Level 9.8 Fighting
 - Level 14.0 Polearms
 - Level 2.0 Throwing
 + Level 11.7 Dodging


You had 9 spell levels left.
You didn't know any spells.
Your spell library contained the following spells:

 Spells                   Type           Power        Failure   Level
 Shock                    Conj/Air       0%           83%         1
 Swiftness                Air            0%           92%         2
 Static Discharge         Conj/Air       0%           99%         3
 Airstrike                Air            0%           100%        4
 Lightning Bolt           Conj/Air       0%           100%        5


Dungeon Overview and Level Annotations

Branches:
Dungeon (8/15)             Temple (0/1) D:4          Bailey (visited)
   Lair: D:8-11

Altars:
Ashenzari
Dithmenos
Gozag
Hepliaklqana
Kikubaaqudgha
Okawaru
Trog
Yredelemnul
Zin

Annotations:
D:7 3 runed translucent doors, hehateme's ghost, novice KoAK


Message History

Aim: a deep elf mage, wielding a +0 short sword (heavily wounded)
Your scale mail prevents you from hitting the deep elf mage.
The deep elf mage is heavily wounded.
The hell rat completely misses you. The deep elf mage closely misses you.
The jumping spider leaps!
Unknown command.
Reach: a) +0 trident
Press: ? - help, Dir - move target, f/p - deep elf mage
Aim: a deep elf mage, wielding a +0 short sword (heavily wounded)
You hit the deep elf mage but do no damage.
The deep elf mage is heavily wounded.
The rust devil completely misses you. The hell rat completely misses you. x2
Unknown command.
Reach: a) +0 trident
Press: ? - help, Dir - move target, f/p - deep elf mage
Aim: a deep elf mage, wielding a +0 short sword (heavily wounded)
You puncture the deep elf mage!
The deep elf mage is severely wounded.
The deep elf mage closely misses you. The rust devil hits you!
You die...

#######
##.....################
##...........°.........##
#....................#..#
#..#######...#######.##.#
#..#.♣.♣.♣♣r♣♣.♣ #.##.#
#..#♣.♣.♣.♣@♣.♣ #.##.## #..#
♣.♣.♣re4♣ #.##..# ##.#
♣.♣s♣s♣4♣ #.###.### #..#
♣.♣♣.♣♣.♣ #.##.....
#..########°# ######.#......
#..#♣....##.##....♣#.#...#..
####..# #.....# #.#..#.#.
###.....# #..#..# #.#.#._.#
........# #.e.5.# #.#..#.#.


You could see a demonic crawler (summoned), 2 rust devils, a deep elf mage, a
jumping spider (summoned) and 2 hell rats.

Vanquished Creatures
  A two-headed ogre (D:8)
  A manticore (D:8)
  A troll (D:8)
  Sigmund (D:2)
  A wyvern (D:8)
  Menkaure (D:4)
  8 orc warriors
  2 ice beasts
  4 phantoms
  2 sky beasts
  A necrophage (D:8)
  7 ogres
  2 centaurs (D:8)
  3 bullfrogs
  A scorpion (D:5)
  4 killer bees
  2 howler monkeys
  A quasit (D:7)
  A centaur skeleton (D:5)
  5 orc priests
  A jelly (D:5)
  Crazy Yiuf (D:7)
  7 hounds
  2 orc wizards
  3 iguanas (D:8)
  7 worker ants
  2 hound skeletons
  2 worker ant zombies
  A howler monkey zombie (D:4)
  Robin (D:2)
  8 gnolls
  8 adders
  A white imp (D:8)
  An ufetubus (D:6)
  An ooze (D:4)
  3 adder skeletons (D:7)
  5 worms
  A dart slug (D:1)
  2 leopard geckos
  29 orcs
  7 giant cockroaches
  24 goblins
  9 hobgoblins
  8 jackals (D:8)
  3 quokkas
  A ball python (D:7)
  10 bats
  13 frilled lizards
  A jackal skeleton (D:4)
  23 kobolds
  A leopard gecko zombie (D:7)
  A quokka skeleton (D:5)
  6 rats
242 creatures vanquished.

Notes
Turn   | Place    | Note
-------+----------+-------------------------------------------
     0 | D:1      | lunkers the Merfolk Gladiator began the quest for the Orb.
     0 | D:1      | Reached XP level 1. HP: 16/16 MP: 1/1
   163 | D:1      | Reached XP level 2. HP: 23/23 MP: 2/2
   271 | D:1      | Reached skill level 5 in Polearms
   397 | D:1      | Found a broken altar of Ashenzari.
   422 | D:1      | Became a worshipper of Ashenzari the Shackled
   804 | D:2      | Reached XP level 3. HP: 28/28 MP: 3/3
   914 | D:2      | Reached skill level 6 in Polearms
   914 | D:2      | Reached XP level 4. HP: 13/35 MP: 4/4
  1162 | D:2      | Noticed Robin
  1172 | D:2      | Killed Robin
  1197 | D:2      | Reached skill level 5 in Dodging
  1220 | D:2      | Reached XP level 5. HP: 20/41 MP: 5/5
  1612 | D:2      | Noticed Sigmund
  1623 | D:2      | Killed Sigmund
  1624 | D:2      | Reached skill level 7 in Polearms
  1624 | D:2      | Reached XP level 6. HP: 48/48 MP: 6/6
  1843 | D:3      | Found an ancient bone altar of Kikubaaqudgha.
  2087 | D:3      | Found an opulent altar of Gozag.
  2542 | D:4      | Reached * piety under Ashenzari
  2611 | D:3      | Reached skill level 8 in Polearms
  2833 | D:4      | Reached XP level 7. HP: 50/55 MP: 7/7
  2964 | D:4      | Noticed Menkaure
  3179 | D:4      | Killed Menkaure
  3180 | D:4      | Reached skill level 9 in Polearms
  3652 | D:4      | Found a staircase to the Ecumenical Temple.
  4077 | D:5      | Entered Level 5 of the Dungeon
  4386 | D:5      | Reached skill level 5 in Fighting
  4408 | D:5      | Found a shadowy altar of Dithmenos.
  4423 | D:5      | Reached XP level 8. HP: 42/62 MP: 8/8
  4432 | D:5      | Reached skill level 10 in Polearms
  5072 | D:5      | Found a basalt altar of Yredelemnul.
  5339 | D:5      | Found an iron altar of Okawaru.
  5340 | D:5      | Found a broken altar of Ashenzari.
  5532 | D:6      | Reached skill level 11 in Polearms
  5950 | D:6      | Reached XP level 9. HP: 54/70 MP: 9/9
  6222 | D:6      | Reached skill level 12 in Polearms
  6498 | D:7      | Found a bloodstained altar of Trog.
  6498 | D:7      | Found a faded altar of an unknown god.
  6503 | D:7      | Found a faded altar of an unknown god.
  6505 | D:7      | Found a hazy altar of Hepliaklqana.
  6506 | D:7      | Found a glowing silver altar of Zin.
  6564 | D:7      | Found a flagged portal.
  6693 | Bailey   | Entered a bailey
  7199 | Bailey   | Reached skill level 13 in Polearms
  7588 | D:7      | Found a runed translucent gate.
  7588 | D:7      | Found a runed translucent gate.
  7588 | D:7      | Found a runed translucent gate.
  7588 | D:7      | Noticed hehateme's ghost (novice KoAK)
  7887 | D:7      | Found a runed translucent door.
  7888 | D:7      | Noticed Crazy Yiuf
  8110 | D:7      | Killed Crazy Yiuf
  8111 | D:7      | Reached XP level 10. HP: 80/80 MP: 10/10
  8367 | D:8      | Reached skill level 14 in Polearms
  8519 | D:8      | Noticed a deep elf mage
  8526 | D:8      | Reached skill level 10 in Dodging
  8526 | D:8      | Noticed a manticore
  8726 | D:8      | Noticed a two-headed ogre
  8740 | D:8      | Killed a two-headed ogre
  8862 | D:8      | Killed a manticore
  9456 | D:8      | Found an iron altar of Okawaru.
  9490 | D:8      | Noticed a rust devil
  9496 | D:8      | Noticed a rust devil
  9504 | D:8      | HP: 1/80 [deep elf mage/+0 short sword (7)]
  9507 | D:8      | Mangled by a rust devil

Illustrated notes

Levels and vault maps discovered:
D:1:      dpeg_arrival_radiant, layout_basic, minmay_fountain_box,
          evilmike_ruin_ashenzari
D:2:      layout_rooms, minmay_lizard_pond, uniq_robin, uniq_sigmund
D:3:      layout_loops_ring, lemuel_doored_altar, nicolae_gozag_seed_capital
D:4:      layout_rooms, temple_hall, minmay_misc_feat_diagonals,
          amcnicky_mini_corridor_feature, uniq_menkaure
D:5:      layout_basic, lemuel_round_altar, gammafunk_temple_overflow_pools,
          grunt_dithmenos_smoke_and_mirrors
D:6:      layout_rooms, minmay_increasing_density
D:7:      layout_loops_ring, chequers_temple_overflow_minitemple,
          enter_bailey_5, gammafunk_ghost_necromancy, uniq_crazy_yiuf_cottage
D:8:      nzn_winding_woodlands_small [nzn_winding_woodlands_5x15_split_checker,
          nzn_winding_woodlands_center_pierced_h,
          nzn_winding_woodlands_5x15_river_crossing], layout_rooms,
          okawaru_metal_pillars_3

Skill      XL: |  1  2  3  4  5  6  7  8  9 10 |
---------------+-------------------------------+-----
Polearms       | 5 6 7 8 9 11 13 14 | 14.0
Fighting       | 3 4 5 6 7 9 |  9.8
Dodging        | 5 6 7 8 9 11 | 11.7
Throwing       | |  2.0

Action                   |  1- 3 |  4- 6 |  7- 9 | 10-12 || total
-------------------------+-------+-------+-------+-------++-------
Melee: Trident           |    85 |   179 |   678 |   270 ||  1212
       Tailslap          |       |       |     3 |       ||     3
Invok: Curse Item        |       |     1 |     2 |       ||     3
Evoke: Wand              |       |       |       |     4 ||     4
  Use: Scroll            |       |     3 |     3 |     3 ||     9
       Potion            |       |     1 |       |       ||     1
 Stab: Sleeping          |     1 |       |     1 |       ||     2
       Distracted        |       |     2 |     1 |       ||     3
Armor: Leather armour    |     8 |    15 |     2 |       ||    25
       Skin              |       |     3 |       |       ||     3
       Scale mail        |       |       |    70 |    21 ||    91
Dodge: Dodged            |    60 |    91 |   480 |   172 ||   803

Table legend: (Time is in decaauts)
 A = Elapsed time spent in this place.
 B = Non-inter-level travel time spent in this place.
 C = Inter-level travel time spent in this place.
 D = Time resting spent in this place.
 E = Time spent auto-exploring this place.
 F = Levels seen in this place.
 G = Mean time per level.
                   A        B        C        D        E       F      G
               +--------+--------+--------+--------+--------+-----+--------+
         Total |   9195 |   8848 |    347 |   1330 |   5662 |   9 | 1021.7 |
       Dungeon |   8575 |   8228 |    347 |   1149 |   5449 |   8 | 1071.9 |
        Bailey |    620 |    620 |      0 |    181 |    212 |   1 |  620.0 |
               +--------+--------+--------+--------+--------+-----+--------+

Top non-repeatable levels by time:
     D:4: 1443 daAuts
     D:8: 1237 daAuts
     D:3: 1156 daAuts
     D:7: 1115 daAuts
     D:5: 1047 daAuts
     D:2: 1024 daAuts
     D:1: 795 daAuts
     D:6: 756 daAuts
  Bailey: 620 daAuts
